 Dungeon Crawl Stone Soup version 0.21.0-3-g78d12a8bdd (webtiles) character file.

107 Rrauwl the Conjurer (level 4, -2/24 HPs)
             Began as a Deep Elf Conjurer on Jan 12, 2018.
             Slain by a gnoll
             ... wielding a +0 spear
              (6 damage)
             ... on level 3 of the Dungeon.
             The game lasted 00:05:55 (1500 turns).

Rrauwl the Conjurer (Deep Elf Conjurer)             Turns: 1500, Time: 00:05:55

Health: -2/24      AC:  8    Str:  6    XL:     4   Next: 57%
Magic:  1/12       EV: 14    Int: 20    God:
Gold:   9          SH:  0    Dex: 15    Spells: 6/11 levels left

rFire    . . .     SeeInvis .   a - +0 whip
rCold    + . .     Gourm    +   (no shield)
rNeg     . . .     Faith    .   h - +0 robe
rPois    .         Spirit   .   (no helmet)
rElec    .         Reflect  .   (no cloak)
rCorr    .         Harm     .   (no gloves)
MR       .....                  (no boots)
Stlth    ++........             o - amulet of the gourmand
HPRegen  0.08/turn              i - ring of protection from cold
MPRegen  0.13/turn              r - +6 ring of protection

@: very slightly contaminated
A: no striking features
a: no special abilities


You were on level 3 of the Dungeon.
You were not hungry.

You visited 1 branch of the dungeon, and saw 3 of its levels.

You collected 9 gold pieces.

Inventory:

Hand Weapons
 a - a +0 whip (weapon)
Armour
 h - a +0 robe (worn)
Jewellery
 i - a ring of protection from cold (left hand)
 o - an amulet of the gourmand (around neck)
 r - a +6 ring of protection (right hand)
Wands
 d - a wand of paralysis (16)
 n - a wand of disintegration (9)
Scrolls
 e - 2 scrolls of identify {unknown}
 j - a scroll of magic mapping {unknown}
 l - 2 scrolls of remove curse {unknown}
 p - a scroll of teleportation {unknown}
 q - a scroll of immolation {unknown}
Potions
 f - 2 potions of curing {unknown}
 g - a potion of agility {unknown}
 k - a potion of flight {unknown}
 m - a potion of ambrosia {unknown}
 s - a potion of heal wounds {unknown}
Books
 b - a book of Conjurations

   Spells                             Type                      Level
   a - Magic Dart                     Conjuration                  1
   b - Searing Ray                    Conjuration                  2
   c - Dazzling Spray                 Conjuration/Hexes            3
   d - Fulminant Prism                Conjuration/Hexes            4
   e - Force Lance                    Conjuration/Translocation    4
   f - Iskenderun's Mystic Blast      Conjuration                  4
Comestibles
 c - 4 rations


   Skills:
 + Level 3.7 Dodging
 - Level 3.2 Stealth
 - Level 4.0 Spellcasting
 + Level 5.1 Conjurations
 - Level 1.0 Evocations


You had 6 spell levels left.
You knew the following spells:

 Your Spells              Type           Power        Failure   Level  Hunger
a - Magic Dart            Conj           ###.         1%          1    None
b - Iskenderun's Mystic   Conj           ###.....     16%         4    ####...


Dungeon Overview and Level Annotations

Branches:
Dungeon (3/15)

Altars:


Message History

The gnoll misses you. The gnoll barely misses you.
The gnoll closely misses you.
Items here: )) †† a whip of draining; a spear; a leopard gecko corpse; a gnoll corpse You barely miss the gnoll.
The gnoll hits you with a spear.
You hit the gnoll but do no damage. The gnoll hits you with a spear.
You hit the gnoll but do no damage. The gnoll hits you but does no damage.
You hit the gnoll.
The gnoll is lightly wounded.
The gnoll hits you with a spear!
* * * LOW HITPOINT WARNING * * *
Casting: Magic Dart
Confirm with . or Enter, or press ? or * to list all spells.
Aiming: Magic Dart
Press: ? - help, Shift-Dir - straight line, f - gnoll
Aim: a gnoll, wielding a spear (lightly wounded)
The magic dart hits the gnoll.
The gnoll is heavily wounded.
The gnoll hits you with a spear.
You die...

########### #..%(......
##.########.
############%...%%.....
#<..)..÷.†@g..##.####..
#.###########.# .# #.#
#.# .# #.. ..g .# ...
#.##g# #.## #.# g. #.#
#.# .. #.# .#


You could see a gnoll.

Vanquished Creatures
  An iguana (D:2)
  3 gnolls (D:3)
  An adder (D:2)
  A shadow imp (D:2)
  2 dart slugs
  2 leopard geckos (D:3)
  2 giant cockroaches
  4 goblins (D:1)
  3 hobgoblins
  A kobold (D:1)
  3 ball pythons
  6 bats
  2 frilled lizards
  4 rats
35 creatures vanquished.

Notes
Turn   | Place    | Note
-------+----------+-------------------------------------------
     0 | D:1      | Rrauwl the Deep Elf Conjurer began the quest for the Orb.
     0 | D:1      | Reached XP level 1. HP: 10/10 MP: 6/6
   137 | D:1      | Reached XP level 2. HP: 15/15 MP: 4/8
   583 | D:2      | Reached XP level 3. HP: 19/19 MP: 1/10
  1029 | D:2      | Reached skill level 1 in Evocations
  1410 | D:3      | Reached XP level 4. HP: 24/24 MP: 9/11
  1427 | D:3      | Learned a level 4 spell: Iskenderun's Mystic Blast
  1485 | D:3      | Reached skill level 5 in Conjurations
  1500 | D:3      | Slain by a gnoll

Skill      XL: |  1  2  3  4 |
---------------+-------------+-----
Dodging        | 3 |  3.7
Stealth        | 3 |  3.2
Evocations     | 1 |  1.0
Spellcasting   | 4 |  4.0
Conjurations   | 5 |  5.1

Action                   |  1- 3 |  4- 6 || total
-------------------------+-------+-------++-------
Melee: Unarmed           |     5 |       ||     5
       Whip              |    43 |    16 ||    59
 Cast: Magic Dart        |    39 |    10 ||    49
       Iskenderun's Myst |       |     1 ||     1
Evoke: Wand              |       |     1 ||     1
 Stab: Sleeping          |     3 |     1 ||     4
  Eat: Chunk             |     3 |     3 ||     6
Armor: Robe              |    14 |     5 ||    19
Dodge: Dodged            |    42 |    19 ||    61
